 Dungeon Crawl Stone Soup version 0.30.0-5-g1a98f26d00 (webtiles) character file.

Game seed: 12211814681903925363

5 Edyrem the Slasher (level 1, 0/18 HPs)
             Began as a Draconian Reaver on May 9, 2023.
             Slain by a hobgoblin (4 damage)
             ... on level 1 of the Dungeon.
             The game lasted 00:01:36 (169 turns).

Edyrem the Slasher (Draconian Reaver)                Turns: 169, Time: 00:01:37

Health: 0/18       AC:  4    Str: 14    XL:     1   Next: 66%
Magic:  3/3        EV: 12    Int: 13    God:
Gold:   17         SH:  0    Dex:  9    Spells: 3/4 levels left

rFire   . . .        a - +0 falchion
rCold   . . .        (no shield)
rNeg    . . .        (body armour unavailable)
rPois   .            (helmet restricted)
rElec   .            (no cloak)
rCorr   .            (no gloves)
SInv    .            (no boots)
Will    .....        (no amulet)
Stlth   +            (no ring)
HPRegen 0.23/turn    (no ring)
MPRegen 0.08/turn

%: no passive effects
@: no status effects
A: AC +4, unfitting armour, cold-blooded
a: no special abilities


You were on level 1 of the Dungeon.
You visited 1 branch of the dungeon, and saw 1 of its levels.

You collected 17 gold pieces.

Inventory:

Hand Weapons
 a - a +0 falchion (weapon)
Potions
 b - a potion of degeneration {unknown}


   Skills:
 + Level 2.5 Fighting
 + Level 3.2 Long Blades
 - Level 1.7 Dodging
 - Level 2.0 Spellcasting
 - Level 3.0 Conjurations


You had 3 spell levels left.
You knew the following spells:

 Your Spells              Type           Power      Damage    Failure   Level
a - Kiss of Death         Conj/Necr      20%        2d7       14%         1

Your spell library contained the following spells:

 Spells                   Type           Power      Damage    Failure   Level
 Momentum Strike          Conj/Tloc      10%        3d8       21%         2
 Hailstorm                Conj/Ice       5%         3d4       38%         3


Dungeon Overview and Level Annotations

Branches:
Dungeon (1/15)

Altars:


Innate Abilities, Weirdness & Mutations

Your plain brown scales are hard. (AC +4)
You cannot fit into any form of body armour.
You are cold-blooded and may be slowed by cold attacks.


Message History

The ball python bites you but does no damage.
The ball python constricts you.
A rat comes into view.
The hobgoblin hits you.
You closely miss the ball python. You tail-slap the ball python.
The ball python is moderately wounded.
The ball python bites you but does no damage.
The ball python constricts you. The hobgoblin barely misses you.
The ball python bites you. The ball python constricts you.
You are too injured to fight recklessly!
You closely miss the ball python.
The ball python is moderately wounded.
The hobgoblin barely misses you.
The ball python bites you but does no damage.
The ball python constricts you.
You closely miss the ball python.
The ball python is moderately wounded.
The hobgoblin closely misses you. The ball python closely misses you.
The ball python constricts you.
You barely miss the ball python.
The ball python is moderately wounded.
The hobgoblin hits you.
The ball python bites you but does no damage.
The ball python constricts you. The hobgoblin hits you.
The goblin hits you but does no damage.
You barely miss the ball python.
The ball python is moderately wounded.
The ball python bites you but does no damage.
The ball python constricts you. The ball python closely misses you.
The ball python constricts you. The hobgoblin barely misses you.
The goblin hits you with a +0 dagger.
You escape the ball python's grasp.
The hobgoblin attacks as you move away! The hobgoblin hits you.
* * * LOW HITPOINT WARNING * * *
The ball python attacks as you move away!
The ball python bites you but does no damage.
The ball python attacks as you move away!
The ball python closely misses you. The ball python misses you.
The hobgoblin attacks as you move away! The hobgoblin hits you.
You die...

###### #....# ###### #.##.#
##.$..# ######## #.##.#
#.....# #......#
#.##.#####.....#
#......####.##.##...r....#
+......'........@Sg..........
#......#........#g..#.##.##..
.......#.##.#####....... .#
.......#+##..........#.#....
....†.....########.###.# # ..
..##......# ... .. .
..##......# .#... ###
..##...#### ... #).#.#.####


You could see a hobgoblin, a goblin, a ball python and a rat.

Vanquished Creatures
  A dart slug (D:1)
  A goblin (D:1)
  2 bats (D:1)
4 creatures vanquished.

Notes
Turn   | Place    | Note
-------+----------+-------------------------------------------
     0 | D:1      | Edyrem the Draconian Reaver began the quest for the Orb.
     0 | D:1      | Reached XP level 1. HP: 17/17 MP: 3/3
     2 | D:1      | Noticed a troll
     2 | D:1      | Noticed a vine stalker
     4 | D:1      | Noticed a demonspawn
     4 | D:1      | Noticed a naga
     6 | D:1      | Noticed a felid
     6 | D:1      | Noticed a formicid
     8 | D:1      | Noticed a demigod
    10 | D:1      | Noticed an armataur
    12 | D:1      | Noticed a spriggan
    12 | D:1      | Noticed a gargoyle
    14 | D:1      | Noticed an elf
    14 | D:1      | Noticed a merfolk
    16 | D:1      | Noticed a tengu
    16 | D:1      | Noticed a minotaur
    18 | D:1      | Noticed a vampire
    18 | D:1      | Noticed an octopode
    20 | D:1      | Noticed a draconian
    22 | D:1      | Noticed a meteoran
    22 | D:1      | Noticed an ogre
    24 | D:1      | Noticed a gargoyle
    24 | D:1      | Noticed a human
    26 | D:1      | Noticed a minotaur
    26 | D:1      | Noticed a meteoran
   169 | D:1      | Slain by a hobgoblin

Illustrated notes

Levels and vault maps discovered:
D:1:      kb_arrival_jail, layout_basic

Action                     || total
---------------------------++-------
  Melee: Falchion          ||    35
         Tailslap          ||     1
 Armour: Skin              ||    25
  Dodge: Dodged            ||    49
